 Dungeon Crawl Stone Soup version 0.29-a0-214-g17f627cfee (webtiles) character file.

Game seed: 5114843433406082286

609 drugrobin the Slasher (level 6, -1/50 HPs)
             Began as a Demigod Fighter on Feb 25, 2022.
             Slain by Blork the orc
             ... wielding a +0 scimitar
              (13 damage)
             ... on level 6 of the Dungeon.
             The game lasted 00:13:48 (6737 turns).

drugrobin the Slasher (Demigod Fighter)             Turns: 6737, Time: 00:13:49

Health: -1/50      AC:  5    Str: 17    XL:     6   Next: 99%
Magic:  8/8        EV: 10    Int: 16    God:
Gold:   278        SH:  6    Dex: 23    Spells: 3/5 levels left

rFire   + . .      SeeInvis .   a - +8 dagger "Impslayer" {vorpal, rF+}
rCold   . . .      Faith    .   E - +0 buckler
rNeg    . . .      Spirit   .   p - +2 robe of the Everdark {Stlth+}
rPois   .          Reflect  .   (no helmet)
rElec   .          Harm     .   K - +0 cloak
rCorr   +          Rampage  .   (no gloves)
Will    .....                   (no boots)
Stlth   +++++.....              (no amulet)
HPRegen 0.16/turn               l - ring of resist corrosion
MPRegen 0.11/turn               B - ring "Cusupoel" {Int+6 Dex+2 Stlth+}

@: no status effects
A: high MP 1, forlorn, divine attributes
a: no special abilities


You were on level 6 of the Dungeon.
You visited 1 branch of the dungeon, and saw 6 of its levels.

You collected 278 gold pieces.

Inventory:

Hand Weapons
 a - the +8 dagger "Impslayer" (weapon) {vorpal, rF+}
   (You found it on level 5 of the Dungeon)

   It inflicts extra damage upon your enemies.
   rF:        It protects you from fire.
 b - a +0 hunting sling
 c - a +0 dagger of venom
 L - a +0 long sword
Missiles
 m - a poisoned dart
 s - 171 stones
 w - 4 boomerangs (quivered)
Armour
 j - an orb of guile
 k - a +0 scale mail
 p - the +2 robe of the Everdark (worn) {Stlth+}
   (You found it on level 2 of the Dungeon)

   Stlth:     It makes you more stealthy.
 v - a +2 chain mail of positive energy
 E - a +0 buckler (worn)
 K - a +0 cloak (worn)
Jewellery
 l - a ring of resist corrosion (left hand)
 B - the ring "Cusupoel" (right hand) {Int+6 Dex+2 Stlth+}
   (You found it on level 4 of the Dungeon)

   [ring of intelligence]

   Int:       It affects your intelligence (+6).
   Dex:       It affects your dexterity (+2).
   Stlth:     It makes you more stealthy.
 H - a ring of magical power
Wands
 r - a wand of flame (23)
 G - a wand of iceblast (20)
Scrolls
 e - 7 scrolls of noise {unknown}
 g - 2 scrolls of teleportation {unknown}
 n - 2 scrolls of holy word {unknown}
 o - 6 scrolls of identify {unknown}
 t - a scroll of amnesia {unknown}
 u - a scroll of torment {unknown}
 y - a scroll of fear {unknown}
 A - 3 scrolls of silence {unknown}
 C - a scroll of enchant armour {unknown}
 I - 2 scrolls of immolation {unknown}
 J - a scroll of fog {unknown}
Potions
 d - 2 potions of might
 f - 3 potions of attraction
 h - 3 potions of resistance
 i - a potion of cancellation
 q - a potion of lignification {unknown}
 x - a potion of degeneration {unknown}
 z - a potion of ambrosia {unknown}
 D - a potion of haste {unknown}
 F - a potion of curing


   Skills:
 - Level 2.6 Fighting
 + Level 6.9 Long Blades
 - Level 2.6 Armour
 + Level 2.4 Stealth
 - Level 2.6 Shields


You had 3 spell levels left.
You knew the following spells:

 Your Spells              Type           Power      Damage    Failure   Level
a - Animate Skeleton      Necr           0%         N/A       32%         1
b - Pain                  Necr           0%         1d4       32%         1

Your spell library contained the following spells:

 Spells                   Type           Power      Damage    Failure   Level
 Conjure Flame            Conj/Fire      0%         6-21      69%         3
 Ignite Poison            Fire/Tmut/Pois 0%         N/A       69%         3
 Vampiric Draining        Necr           0%         2d6       69%         3
 Sticky Flame             Conj/Fire      0%         2d3       97%         4
 Agony                    Necr           0%         N/A       100%        5
 Excruciating Wounds      Necr           0%         N/A       100%        5


Dungeon Overview and Level Annotations

Branches:
Dungeon (6/15)
 Temple: D:4-7

Shops:
D:3 [

Annotations:
D:6 Blork the orc


Innate Abilities, Weirdness & Mutations

You have an increased reservoir of magic. (+10% MP)
You shall have no god before yourself.
Your divine heritage dramatically boosts your attributes as you level up.


Message History

Blork the orc seems to speed up.
Your +0 dagger of venom begins to drip with poison!
c - a +0 dagger of venom (weapon)
Throw: 4 boomerangs
Press: ? - help, Q - select action, (/) - cycle Shift-Dir - straight line, f/p - Blork the orc
Aim: Blork the orc, wielding a +0 scimitar and wearing a +0 robe (lightly wounded, fast, poisoned, 68% to hit)
You throw a boomerang. The boomerang hits Blork the orc.
Blork the orc is lightly wounded.
Blork the orc barely misses you.
Unknown command.
Unknown command.
You hit Blork the orc.
Blork the orc looks even sicker.
Blork the orc is moderately wounded.
Blork the orc hits you with a +0 scimitar!
You hit Blork the orc.
Blork the orc looks as sick as possible!
Blork the orc is moderately wounded.
Blork the orc drinks a potion.
Blork the orc is healed!
Blork the orc closely misses you.
Your +0 dagger of venom stops dripping with poison.
a - the +8 dagger "Impslayer" (weapon)
{vorpal, rF+} Unknown command.
You hit Blork the orc.
Blork the orc is moderately wounded.
Blork the orc hits you with a +0 scimitar! x2
You hit Blork the orc but do no damage.
Blork the orc is moderately wounded.
You block Blork the orc's attack.
You closely miss Blork the orc.
Blork the orc is moderately wounded.
Blork the orc hits you with a +0 scimitar!
You puncture Blork the orc!
Blork the orc is severely wounded.
You block Blork the orc's attack.
You hit Blork the orc.
Blork the orc is severely wounded.
Blork the orc hits you with a +0 scimitar.
* * * LOW HITPOINT WARNING * * *
Blork the orc hits you with a +0 scimitar!
You die...

# #..#######...
#..(o@.......
...............
....###########
... .


You could see Blork the orc (fast, very poisoned).

Vanquished Creatures
  A necrophage (D:4)
  An ice beast (D:4)
  A phantom (D:5)
  A centaur zombie (D:5)
  A hound (D:5)
  A centaur skeleton (D:5)
  Crazy Yiuf (D:5)
  An iguana (D:4)
  2 hound skeletons (D:4)
  7 adders
  2 ufetubi
  An adder skeleton (D:4)
  2 worms (D:2)
  9 orcs
  15 endoplasms
  3 giant cockroaches
  7 goblins
  5 hobgoblins
  4 jackals
  8 kobolds
  5 quokkas
  5 ball pythons
  7 bats
  7 frilled lizards
  A quokka skeleton (D:4)
  3 rats
  A bush (D:5)
102 creatures vanquished.

Vanquished Creatures (others)
  A fungus (D:5)
1 creature vanquished.

Grand Total: 103 creatures vanquished

Notes
Turn   | Place    | Note
-------+----------+-------------------------------------------
     0 | D:1      | drugrobin the Demigod Fighter began the quest for the Orb.
     0 | D:1      | Reached XP level 1. HP: 18/18 MP: 3/3
    49 | D:1      | Reached skill level 2 in Long Blades
   398 | D:1      | Reached XP level 2. HP: 25/25 MP: 4/4
   932 | D:2      | Reached skill level 3 in Long Blades
  1303 | D:2      | Reached XP level 3. HP: 30/30 MP: 5/5
  1544 | D:2      | Identified the +2 robe of the Everdark {Stlth+}
  2021 | D:2      | Reached skill level 1 in Stealth
  2025 | D:2      | Reached XP level 4. HP: 15/37 MP: 6/6
  2721 | D:2      | Reached skill level 4 in Long Blades
  3187 | D:3      | Found Teobruni's Antique Armour Boutique.
  4313 | D:4      | Reached XP level 5. HP: 41/42 MP: 7/7
  4419 | D:4      | Identified the ring "Cusupoel" {Int+6 Dex+2 Stlth+}
  4531 | D:4      | Learned a level 1 spell: Animate Skeleton
  4800 | D:4      | Reached skill level 5 in Long Blades
  5324 | D:5      | Entered Level 5 of the Dungeon
  5597 | D:5      | Reached XP level 6. HP: 50/50 MP: 8/8
  5806 | D:5      | HP: 2/50 [phantom (6)]
  5954 | D:4      | Reached skill level 6 in Long Blades
  6267 | D:5      | Learned a level 1 spell: Pain
  6405 | D:5      | Found a runed translucent door.
  6406 | D:5      | Noticed Crazy Yiuf
  6446 | D:5      | Killed Crazy Yiuf
  6579 | D:5      | Identified the +8 dagger "Impslayer" {vorpal, rF+}
  6724 | D:6      | Noticed Blork the orc
  6737 | D:6      | Slain by Blork the orc

Illustrated notes

Levels and vault maps discovered:
D:1:      sevenhm_arrival_forest_fort_small_3, layout_basic,
          ebering_ecumenical_altar_abandoned
D:2:      layout_loops_corners, minmay_mini_jars
D:3:      layout_loops_corners, serial_shops, nicolae_shop_stone
D:4:      minmay_bubble_buster, layout_gridville
D:5:      layout_rooms, nicolae_dithmenos_the_darkroom, uniq_crazy_yiuf_cottage
D:6:      layout_cave_pods, minmay_temple_entry_trees, uniq_blork_the_orc,
          uniq_eustachio, uniq_sigmund

Skill      XL: |  1  2  3  4  5  6 |
---------------+-------------------+-----
Long Blades    | 2 3 4 5 6 |  6.9
Stealth        | 1 2 |  2.4
Fighting       | |  2.6
Armour         | |  2.6
Shields        | |  2.6

Action                   |  1- 3 |  4- 6 || total
-------------------------+-------+-------++-------
Melee: Long sword        |   112 |   261 ||   373
       Dagger            |       |    13 ||    13
 Fire: Hunting sling     |    13 |    12 ||    25
Throw: Boomerang         |       |     4 ||     4
       Dart              |       |     2 ||     2
 Cast: Pain              |       |     1 ||     1
Evoke: Wand              |       |     3 ||     3
  Use: Potion            |       |     4 ||     4
 Stab: Sleeping          |     4 |     2 ||     6
       Distracted        |       |     1 ||     1
Armor: Scale mail        |    21 |       ||    21
       Robe              |    10 |    12 ||    22
       Chain mail        |       |   104 ||   104
Dodge: Dodged            |    49 |    77 ||   126
Block: Buckler           |    29 |    57 ||    86

Table legend: (Time is in decaauts)
 A = Elapsed time spent in this place.
 B = Non-inter-level travel time spent in this place.
 C = Inter-level travel time spent in this place.
 D = Time resting spent in this place.
 E = Time spent auto-exploring this place.
 F = Levels seen in this place.
 G = Mean time per level.
                   A        B        C        D        E       F      G
               +--------+--------+--------+--------+--------+-----+--------+
         Total |   6817 |   6606 |    211 |   1135 |   4035 |   6 | 1136.2 |
       Dungeon |   6817 |   6606 |    211 |   1135 |   4035 |   6 | 1136.2 |
               +--------+--------+--------+--------+--------+-----+--------+

Top non-repeatable levels by time:
     D:2: 1817 daAuts
     D:4: 1692 daAuts
     D:3: 1317 daAuts
     D:5: 1043 daAuts
     D:1: 935 daAuts
     D:6: 11 daAuts
